 Dungeon Crawl Stone Soup version 0.28-b1-25-g9875b3fc8c (webtiles) character file.

Game seed: 10830392591387682796

910 tilp the Cleaver (level 8, 0/70 HPs)
             Began as a Hill Orc Delver on Feb 6, 2022.
             Was an Initiate of Gozag.
             Slain by Pikel (2 damage)
             ... on level 5 of the Dungeon.
             The game lasted 00:07:51 (5693 turns).

tilp the Cleaver (Hill Orc Delver)                  Turns: 5693, Time: 00:07:51

Health: 0/70       AC: 14    Str: 17    XL:     8   Next: 8%
Magic:  8/8        EV:  5    Int: 10    God:    Gozag
Gold:   304        SH:  0    Dex: 18    Spells: 7/7 levels left

rFire   . . .      SeeInvis .   a - +0 hand axe (freeze)
rCold   . . .      Faith    .   s - orb {*Rage}
rNeg    . . .      Spirit   .   i - +0 plate armour
rPois   .          Reflect  .   (no helmet)
rElec   .          Harm     .   k - +2 cloak
rCorr   .          Rampage  .   (no gloves)
Will    .....      Rage     20% (no boots)
Stlth   ..........              (no amulet)
HPRegen 0.21/turn               p - +6 ring of dexterity
MPRegen 0.11/turn               (no ring)

@: on berserk cooldown, slowed, very slow
A: no striking features
a: Renounce Religion, Potion Petition, Call Merchant, Bribe Branch


You were on level 5 of the Dungeon.
You worshipped Gozag.
Gozag was aware of your devotion.
You visited 1 branch of the dungeon, and saw 5 of its levels.

You collected 367 gold pieces.
You paid 63 gold pieces to Gozag.

Inventory:

Hand Weapons
 a - a +0 hand axe of freezing (weapon)
Missiles
 m - 109 stones (quivered)
Armour
 h - a +0 ring mail
 i - a +0 plate armour (worn)
 k - a +2 cloak (worn)
 s - an orb of wrath (worn)
Jewellery
 d - an amulet of faith
 l - a +6 ring of intelligence
 p - a +6 ring of dexterity (left hand)
Wands
 g - a wand of digging (3)
Scrolls
 c - a scroll of fog
 e - 3 scrolls of fear
 j - 3 scrolls of teleportation
 q - a scroll of enchant weapon {unknown}
Potions
 b - 2 potions of curing
 f - a potion of haste
 n - a potion of magic
 o - a potion of ambrosia {unknown}


   Skills:
 + Level 6.0 Fighting
 * Level 10.0 Axes
 + Level 2.1 Armour
 * Level 2.1 Dodging
 - Level 4.1 Stealth


You had 7 spell levels left.
You didn't know any spells.
Your spell library contained the following spells:

 Spells                   Type           Power      Damage    Failure   Level
 Static Discharge         Conj/Air       0%         N/A       100%        2
 Lightning Bolt           Conj/Air       0%         1d11      100%        5
 Maxwell's Capacitive Co  Air            0%         ∞         100%        8


Dungeon Overview and Level Annotations

Branches:
Dungeon (5/15)
 Temple: D:4-7

Altars:
Cheibriados
Gozag
Kikubaaqudgha

Shops:
D:4 *

Annotations:
D:5 Pikel


Message History

Unknown command.
You hit Pikel. You freeze Pikel.
Pikel is severely wounded.
Pikel hits you but does no damage.
You barely miss Pikel.
Pikel is severely wounded.
Pikel hits you with a +1 whip of freezing.
* * * LOW HITPOINT WARNING * * *
Pikel freezes you.
* * * LOW HITPOINT WARNING * * *
Pikel hits you but does no damage.
You hit Pikel. You freeze Pikel.
Pikel is severely wounded.
Pikel says, "Asmodeus and me are pals.
He gave me this whip."
Pikel hits you with a +1 whip of freezing.
* * * LOW HITPOINT WARNING * * *
Pikel freezes you.
* * * LOW HITPOINT WARNING * * *
You hit Pikel. You freeze Pikel.
Pikel is almost dead.
Pikel hits you but does no damage.
Unknown command.
You hit Pikel. You freeze Pikel.
Pikel is almost dead.
Pikel hits you with a +1 whip of freezing.
* * * LOW HITPOINT WARNING * * *
Pikel freezes you.
* * * LOW HITPOINT WARNING * * *
Unknown command.
You closely miss Pikel.
Pikel is almost dead.
Pikel hits you but does no damage.
Unknown command.
You completely miss Pikel.
Pikel is almost dead.
Pikel hits you with a +1 whip of freezing.
* * * LOW HITPOINT WARNING * * *
Pikel freezes you.
You die...
Your body crumbles into a pile of gold.

#......# #......# .#
#.....<# #. ##.##### #. #.#
###. # #.## #..## ## #..##
#.#.##
.####...##########5...#.#..
.'..............@K5........
.####...##########....###..
####.#.#### #.#..# #
#.###...# #.##.# ##.#.##.#
#.. ... ##.###.# ### .###
### #.# # #########.#
#......##.#


You could see Pikel, a lemure and an ufetubus.

Vanquished Creatures
  A black bear (D:5)
  A necrophage (D:4)
  3 ogres
  3 lemures (D:5)
  A scorpion (D:5)
  A bullfrog zombie (D:5)
  2 hounds
  A jelly (D:4)
  A centaur zombie (D:3)
  2 iguanas (D:4)
  Terence (D:2)
  An orc wizard (D:3)
  A hound skeleton (D:4)
  5 gnolls (D:4)
  5 adders
  A worm (D:3)
  4 dart slugs
  7 orcs
  3 endoplasms
  A giant cockroach (D:2)
  2 goblins (D:2)
  6 hobgoblins
  2 quokkas
  7 ball pythons
  6 bats
  3 frilled lizards
  4 kobolds
  5 rats
80 creatures vanquished.

Notes
Turn   | Place    | Note
-------+----------+-------------------------------------------
     0 | D:5      | tilp the Hill Orc Delver began the quest for the Orb.
     0 | D:5      | Reached XP level 1. HP: 19/19 MP: 1/1
   121 | D:3      | Reached skill level 3 in Axes
   315 | D:3      | Noticed an orc wizard
   360 | D:3      | Found the +6 shillelagh "Devastator" {shatter}
   372 | D:2      | Reached XP level 2. HP: 20/27 MP: 2/2
   947 | D:1      | Reached skill level 4 in Axes
  1317 | D:2      | Reached XP level 3. HP: 26/33 MP: 3/3
  1571 | D:2      | Found an ancient bone altar of Kikubaaqudgha.
  1604 | D:2      | Reached skill level 5 in Axes
  1998 | D:2      | Noticed Terence
  2021 | D:2      | Killed Terence
  2022 | D:2      | Reached XP level 4. HP: 33/40 MP: 4/4
  2129 | D:3      | Found a faded altar of an unknown god.
  2183 | D:3      | Reached skill level 6 in Axes
  2186 | D:3      | Reached XP level 5. HP: 43/45 MP: 5/5
  2260 | D:3      | Found an ancient bone altar of Kikubaaqudgha.
  2665 | D:3      | Found a snail-covered altar of Cheibriados.
  2807 | D:3      | Reached skill level 1 in Armour
  3017 | D:4      | Noticed an ogre
  3034 | D:4      | Found an opulent altar of Gozag.
  3055 | D:4      | Became a worshipper of Gozag Ym Sagoz the Greedy
  3087 | D:4      | Noticed a necrophage
  3111 | D:4      | Killed a necrophage
  3112 | D:4      | Reached skill level 7 in Axes
  3112 | D:4      | Reached XP level 6. HP: 48/53 MP: 6/6
  3208 | D:4      | Found Ifoniha's Mass Market.
  4223 | D:4      | Reached skill level 5 in Fighting
  4568 | D:4      | Reached skill level 8 in Axes
  4568 | D:4      | Reached XP level 7. HP: 53/61 MP: 7/7
  5323 | D:5      | Reached skill level 9 in Axes
  5488 | D:5      | Reached skill level 10 in Axes
  5488 | D:5      | Reached XP level 8. HP: 59/70 MP: 8/8
  5660 | D:5      | Noticed Pikel
  5693 | D:5      | HP: 2/70 [Pikel (4)]
  5693 | D:5      | Slain by Pikel

Illustrated notes

Levels and vault maps discovered:
D:1:      roderic_octagonal_star, layout_loops_ring, minmay_misc_feat_alley,
          chequers_serial_rivers_micro_b
D:2:      layout_rooms, basic_altar, uniq_terence
D:3:      layout_rooms, kennysheep_slug_shrine, kiku_gazebo_pond_becter,
          nicolae_ecumenical_pavilion, minmay_misc_feat_more_columns,
          kennysheep_another_room, minmay_misc_feat_tiny
D:4:      layout_gridville, mainiacjoe_overflow_tiny_flanked, st_stairs_8,
          minmay_shop_mass
D:5:      layout_loops_corners, general_overflow_altar,
          biasface_ghost_orc_armoury, uniq_pikel

Skill      XL: |  1  2  3  4  5  6  7 |
---------------+----------------------+-----
Axes           | 3 4 5 6 7 8 10 | 10.0
Fighting       | 4 5 6 |  6.0
Armour         | 1 2 |  2.1
Dodging        | 2 |  2.1
Stealth        | |  4.1

Action                   |  1- 3 |  4- 6 |  7- 9 || total
-------------------------+-------+-------+-------++-------
Melee: Hand axe          |   127 |   196 |    80 ||   403
       Punch             |       |     2 |       ||     2
  Use: Scroll            |     5 |     3 |     3 ||    11
 Stab: Sleeping          |     2 |       |       ||     2
       Distracted        |       |     1 |       ||     1
Armor: Ring mail         |     7 |       |       ||     7
       Plate armour      |    93 |   128 |    71 ||   292
Dodge: Dodged            |    40 |    52 |    21 ||   113
